TOP OF THE 1ST |
---|
San Francisco Bandits batting - Pitching for Nassau Rockets : LHP Rod Adams | Pitching: LHP Rod Adams | | Batting: RHB Javier Ramírez | 0-0: Foul Ball, location: 2F 0-1: Fly out, F8 (Line Drive, 8RD) | Batting: RHB Scott Merritt | 0-0: Ball 1-0: Fly out, F8 (Line Drive, 8RD) | Batting: RHB Owen Carter | 0-0: Ground out 3-1 (Groundball, 34S) | Top of the 1st over - 0 runs, 0 hits, 0 errors, 0 left on base; San Francisco 0 - Nassau 0 | BOTTOM OF THE 1ST |
---|
Nassau Rockets batting - Pitching for San Francisco Bandits : RHP Yodo Nakagawa | Pitching: RHP Yodo Nakagawa | | Batting: LHB Andrew Alvarado | 0-0: Called Strike 0-1: Swinging Strike 0-2: Strikes out swinging | Batting: SHB Edgardo Osorio | 0-0: Ball 1-0: Called Strike 1-1: Foul Ball, location: 2F 1-2: Ball 2-2: Ball 3-2: Foul Ball, location: 2F 3-2: Foul Ball, location: 2F 3-2: SOLO HOME RUN (Flyball, 89XD), Distance : 434 ft | Batting: LHB Doug Thompson | 0-0: Ball 1-0: Called Strike 1-1: Swinging Strike 1-2: Strikes out looking | Batting: LHB Wilson Allen | 0-0: Ball 1-0: Ground out 1-3 (Groundball, P) | Bottom of the 1st over - 1 run, 1 hit, 0 errors, 0 left on base; San Francisco 0 - Nassau 1 | TOP OF THE 2ND |
---|
San Francisco Bandits batting - Pitching for Nassau Rockets : LHP Rod Adams | Batting: RHB Michael Elliott | 0-0: Fly out, F9 (Line Drive, 9S) | Batting: RHB Gustavo Ortíz | 0-0: Ball 1-0: Swinging Strike 1-1: Ball 2-1: Called Strike 2-2: Ball 3-2: Strikes out swinging | Batting: LHB Seung-woo Yi | 0-0: Ball 1-0: Ground out 6-3 (Groundball, 6) | Top of the 2nd over - 0 runs, 0 hits, 0 errors, 0 left on base; San Francisco 0 - Nassau 1 | BOTTOM OF THE 2ND |
---|
Nassau Rockets batting - Pitching for San Francisco Bandits : RHP Yodo Nakagawa | Batting: RHB Salvador Borbón | 0-0: Ball 1-0: Fly out, F7 (Flyball, 7LS) | Batting: RHB Bill Little | 0-0: Ball 1-0: Ball 2-0: Ball 3-0: Called Strike 3-1: Swinging Strike 3-2: Ground out 4-3 (Groundball, 4) | Batting: LHB Juan Romero | 0-0: Ground out 4-3 (Groundball, 4) | Bottom of the 2nd over - 0 runs, 0 hits, 0 errors, 0 left on base; San Francisco 0 - Nassau 1 | TOP OF THE 3RD |
---|
San Francisco Bandits batting - Pitching for Nassau Rockets : LHP Rod Adams | Batting: LHB Mario García | 0-0: Foul Ball, location: 2F 0-1: Swinging Strike 0-2: Strikes out swinging | Batting: RHB Raúl Bruno | 0-0: SINGLE (Flyball, 9LS) | Batting: LHB Alan McGilroy | 0-0: Ball 1-0: Ball 2-0: Foul Ball, location: 2F 2-1: Called Strike 2-2: Ball 3-2: Fly out, F8 (Flyball, 8RS) | Batting: RHB Javier Ramírez | 0-0: Ball Raúl Bruno is caught stealing 2nd base | Top of the 3rd over - 0 runs, 1 hit, 0 errors, 0 left on base; San Francisco 0 - Nassau 1 | BOTTOM OF THE 3RD |
---|
Nassau Rockets batting - Pitching for San Francisco Bandits : RHP Yodo Nakagawa | Batting: LHB Rafael Delgado | 0-0: Foul Ball, location: 2F 0-1: Foul Ball, location: 2F 0-2: Foul Ball, location: 2F 0-2: Ball 1-2: Foul Ball, location: 2F 1-2: Foul Ball, location: 2F 1-2: Ball 2-2: Foul Ball, location: 2F 2-2: Strikes out swinging | Batting: RHB Jesús Villalobos | 0-0: Called Strike 0-1: Swinging Strike 0-2: Foul Ball, location: 2F 0-2: Ball 1-2: Ground out 6-3 (Groundball, 6) | Batting: LHB Andrew Alvarado | 0-0: Fly out, F7 (Flyball, 7S) | Bottom of the 3rd over - 0 runs, 0 hits, 0 errors, 0 left on base; San Francisco 0 - Nassau 1 | TOP OF THE 4TH |
---|
San Francisco Bandits batting - Pitching for Nassau Rockets : LHP Rod Adams | Batting: RHB Javier Ramírez | 0-0: Swinging Strike 0-1: Foul Ball, location: 2F 0-2: Ball 1-2: Strikes out swinging | Batting: RHB Scott Merritt | 0-0: Ball 1-0: Ball 2-0: Ball 3-0: Base on Balls | Batting: RHB Owen Carter | 0-0: Ball 1-0: Fly out, F3 (Popup, 3L) | Batting: RHB Michael Elliott | 0-0: Ball 1-0: Called Strike 1-1: Foul Ball, location: 2F 1-2: Foul Ball, location: 2F 1-2: Ball 2-2: 2-RUN HOME RUN (Flyball, 9D), Distance : 399 ft | Batting: RHB Gustavo Ortíz | 0-0: Ball 1-0: Fly out, F7 (Flyball, 78D) | Top of the 4th over - 2 runs, 1 hit, 0 errors, 0 left on base; San Francisco 2 - Nassau 1 | BOTTOM OF THE 4TH |
---|
Nassau Rockets batting - Pitching for San Francisco Bandits : RHP Yodo Nakagawa | Batting: SHB Edgardo Osorio | 0-0: Ball 1-0: Called Strike 1-1: Ball 2-1: Foul Ball, location: 2F 2-2: DOUBLE (Line Drive, 78D) | Batting: LHB Doug Thompson | 0-0: Foul Ball, location: 2F 0-1: Swinging Strike 0-2: Fly out, F7 (Flyball, 78M) | Batting: LHB Wilson Allen | 0-0: Called Strike Edgardo Osorio is caught stealing 3rd base 0-1: Ball 1-1: Ground out U3 (Groundball, 3) | Bottom of the 4th over - 0 runs, 1 hit, 0 errors, 0 left on base; San Francisco 2 - Nassau 1 | TOP OF THE 5TH |
---|
San Francisco Bandits batting - Pitching for Nassau Rockets : LHP Rod Adams | Pitching: RHP Ju-choer Yi | | Batting: LHB Seung-woo Yi | 0-0: Called Strike 0-1: Ball 1-1: Ball 2-1: Foul Ball, location: 2F 2-2: Foul Ball, location: 2F 2-2: Ball 3-2: Base on Balls | Batting: LHB Mario García | 0-0: Swinging Strike 0-1: Foul Ball, location: 2F 0-2: Ball Error on foul ball, E2 1-2: Fielders Choice at 2nd, 6-4 (Groundball, 6) | Batting: RHB Raúl Bruno | 0-0: Ball 1-0: Foul Ball, location: 2F 1-1: Grounds into double play, 4-6-3 (Groundball, 4) | Top of the 5th over - 0 runs, 0 hits, 1 error, 0 left on base; San Francisco 2 - Nassau 1 | BOTTOM OF THE 5TH |
---|
Nassau Rockets batting - Pitching for San Francisco Bandits : RHP Yodo Nakagawa | Pitching: RHP Paul Lewis | | Batting: RHB Salvador Borbón | 0-0: SINGLE (Line Drive, 7LS) | Batting: RHB Bill Little | 0-0: Called Strike 0-1: Ball 1-1: Ball 2-1: Ball 3-1: SINGLE (Groundball, 34D) Salvador Borbón to second Runner from 2nd tries for 3rd, SAFE, throw made to third | Batting: LHB Juan Romero | 0-0: Called Strike 0-1: Called Strike 0-2: Foul Ball, location: 2F 0-2: Ball 1-2: SINGLE (Groundball, 6MD) Salvador Borbón scores Bill Little to second | Batting: LHB Rafael Delgado | 0-0: DOUBLE (Line Drive, 7LM) Bill Little scores Juan Romero to third | Batting: RHB Jesús Villalobos | 0-0: Called Strike 0-1: SINGLE (Groundball, 6MD) Juan Romero scores Rafael Delgado to third | Batting: LHB Andrew Alvarado | 0-0: Ball 1-0: Ball 2-0: Ball 3-0: Called Strike 3-1: SINGLE (Groundball, 34D) Rafael Delgado scores Jesús Villalobos to second Runner from 2nd tries for 3rd, SAFE, throw made to third | Batting: SHB Edgardo Osorio | 0-0: Ball 1-0: Called Strike 1-1: Ball 2-1: Ball 3-1: Called Strike 3-2: Fielders Choice at 2nd, 4-6 (Groundball, 4M) Jesús Villalobos scores | Pitching: RHP Mal Park | | Batting: LHB Doug Thompson | 0-0: Ball 1-0: Grounds into double play, 4-6-3 (Groundball, 4D) | Bottom of the 5th over - 5 runs, 6 hits, 0 errors, 0 left on base; San Francisco 2 - Nassau 6 | TOP OF THE 6TH |
---|
San Francisco Bandits batting - Pitching for Nassau Rockets : RHP Ju-choer Yi | Batting: LHB Alan McGilroy | 0-0: Called Strike 0-1: Ball 1-1: Swinging Strike 1-2: Foul Ball, location: 2F 1-2: Strikes out swinging | Batting: RHB Javier Ramírez | 0-0: Ball 1-0: Ball 2-0: Foul Ball, location: 2F 2-1: Ball 3-1: Foul Ball, location: 2F 3-2: SINGLE (Flyball, 34D) | Batting: RHB Scott Merritt | 0-0: SINGLE (Line Drive, 3) Javier Ramírez to second | Batting: RHB Owen Carter | 0-0: Ball 1-0: Called Strike 1-1: Foul Ball, location: 2F 1-2: Ball 2-2: Ball 3-2: Foul Ball, location: 2F 3-2: Ground out 5-3 (Groundball, 56S) Javier Ramírez to third Scott Merritt to second | Batting: RHB Michael Elliott | 0-0: Ball 1-0: Foul Ball, location: 2F 1-1: Swinging Strike 1-2: Ground out 6-3 (Groundball, 6) | Top of the 6th over - 0 runs, 2 hits, 0 errors, 2 left on base; San Francisco 2 - Nassau 6 | BOTTOM OF THE 6TH |
---|
Nassau Rockets batting - Pitching for San Francisco Bandits : RHP Mal Park | Batting: LHB Wilson Allen | 0-0: Called Strike 0-1: Called Strike 0-2: Foul Ball, location: 2F 0-2: Strikes out looking | Batting: RHB Salvador Borbón | 0-0: Foul Ball, location: 2F 0-1: SINGLE (Line Drive, 6M) | Batting: RHB Bill Little | 0-0: Called Strike Salvador Borbón steals 2nd base 0-1: Ball 1-1: Ground out 4-3 (Groundball, 4S) Salvador Borbón to third | Batting: LHB Juan Romero | 0-0: Ball 1-0: Ball 2-0: Ball 3-0: Called Strike 3-1: Ground out 6-3 (Groundball, 6) | Bottom of the 6th over - 0 runs, 1 hit, 0 errors, 1 left on base; San Francisco 2 - Nassau 6 | TOP OF THE 7TH |
---|
San Francisco Bandits batting - Pitching for Nassau Rockets : RHP Ju-choer Yi | Batting: RHB Gustavo Ortíz | 0-0: Called Strike 0-1: Ball 1-1: Called Strike 1-2: Strikes out looking | Batting: LHB Seung-woo Yi | 0-0: Swinging Strike 0-1: Ball 1-1: Foul Ball, location: 2F 1-2: Foul Ball, location: 2F 1-2: Foul Ball, location: 2F 1-2: Foul Ball, location: 2F 1-2: Ball 2-2: Ball 3-2: Fly out, F8 (Flyball, 8LD) | Batting: LHB Mario García | 0-0: Ball 1-0: Called Strike 1-1: Ball 2-1: Ball 3-1: Swinging Strike 3-2: Foul Ball, location: 2F 3-2: Ground out U3 (Groundball, 34) | Top of the 7th over - 0 runs, 0 hits, 0 errors, 0 left on base; San Francisco 2 - Nassau 6 | BOTTOM OF THE 7TH |
---|
Nassau Rockets batting - Pitching for San Francisco Bandits : RHP Mal Park | Batting: LHB Rafael Delgado | 0-0: Called Strike 0-1: Ball 1-1: Ground out 1-3 (Groundball, 13) | Batting: RHB Jesús Villalobos | 0-0: Ball 1-0: Ball 2-0: Fly out, F7 (Flyball, 7) | Pinch Hitting: SHB Joaquín López | 0-0: Ball 1-0: Swinging Strike 1-1: Swinging Strike 1-2: Ball 2-2: Strikes out swinging | Bottom of the 7th over - 0 runs, 0 hits, 0 errors, 0 left on base; San Francisco 2 - Nassau 6 | TOP OF THE 8TH |
---|
San Francisco Bandits batting - Pitching for Nassau Rockets : RHP Ju-choer Yi | Pitching: RHP Jason Drake | | Now at 3B: Joaquín López | | Batting: RHB Raúl Bruno | 0-0: Foul Ball, location: 2F 0-1: Called Strike 0-2: Ground out 6-3 (Groundball, 6) | Batting: LHB Alan McGilroy | 0-0: Ball 1-0: Ball 2-0: Ball 3-0: Called Strike 3-1: Foul Ball, location: 2F 3-2: Strikes out looking | Pinch Hitting: RHB Cory Foster | 0-0: Ball 1-0: Foul Ball, location: 2F 1-1: Foul Ball, location: 2F 1-2: Ground out 3-1 (Groundball, 34S) | Top of the 8th over - 0 runs, 0 hits, 0 errors, 0 left on base; San Francisco 2 - Nassau 6 | BOTTOM OF THE 8TH |
---|
Nassau Rockets batting - Pitching for San Francisco Bandits : RHP Mal Park | Now at 2B: Terry Dailey | | Pinch Hitting: RHB Brant Sherman | 0-0: Fly out, F4 (Popup, 4MD) | Batting: LHB Dusty Wilson | 0-0: Foul Ball, location: 2F 0-1: Ball 1-1: Fly out, F8 (Flyball, 8LXD) | Pinch Hitting: RHB Kenji Kudo | 0-0: Ball 1-0: Swinging Strike 1-1: Swinging Strike 1-2: Strikes out swinging | Bottom of the 8th over - 0 runs, 0 hits, 0 errors, 0 left on base; San Francisco 2 - Nassau 6 | TOP OF THE 9TH |
---|
San Francisco Bandits batting - Pitching for Nassau Rockets : RHP Jason Drake | Now at 1B: Kenji Kudo | | Now in RF: Brant Sherman | | Pinch Hitting: LHB Chris Austin | 0-0: Fly out, F6 (Popup, 6) | Pinch Hitting: LHB Francisco Calderón | 0-0: Ball 1-0: Called Strike 1-1: Ground out 4-3 (Groundball, 4D) | Pinch Hitting: LHB Anacleto Morillo | 0-0: Foul Ball, location: 2F 0-1: Ball 1-1: Ball 2-1: Ball 3-1: Base on Balls | Pinch Hitting: RHB Naomichi Aoki | 0-0: Called Strike 0-1: Ball 1-1: Foul Ball, location: 2F 1-2: Foul Ball, location: 2F 1-2: Strikes out swinging | Top of the 9th over - 0 runs, 0 hits, 0 errors, 1 left on base; San Francisco 2 - Nassau 6 | |